 Dungeon Crawl Stone Soup version 0.27-a0-1202-ge72e49191c (webtiles) character file.

Game seed: 7452010057302624683

105 27snakeeyes612 the Skirmisher (level 4, -1/42 HPs)
             Began as a Naga Fighter on June 3, 2021.
             Slain by Natasha (6 damage)
             ... on level 2 of the Dungeon.
             The game lasted 00:00:44 (1336 turns).

27snakeeyes612 the Skirmisher (Naga Fighter)        Turns: 1336, Time: 00:00:45

Health: -1/42      AC:  6    Str: 19    XL:     4   Next: 81%
Magic:  4/4        EV:  3    Int:  9    God:
Gold:   82         SH:  9    Dex: 10    Spells: 3/3 levels left

rFire    . . .     SeeInvis +   a - +0 war axe
rCold    . . .     Faith    .   c - +0 kite shield
rNeg     . . .     Spirit   .   g - +0 chain mail
rPois    +         Reflect  .   (no helmet)
rElec    .         Harm     .   (no cloak)
rCorr    .         Rampage  .   (no gloves)
Will     .....                  (no barding)
Stlth    ..........             (no amulet)
HPRegen  0.14/turn              (no ring)
MPRegen  0.09/turn              (no ring)

@: very slow
A: AC +1, large, see invisible, deformed body, poison resistance, slowness 2,
spit poison 1, naga tail 1
a: Spit Poison


You were on level 2 of the Dungeon.
You visited 1 branch of the dungeon, and saw 2 of its levels.

You collected 82 gold pieces.

Inventory:

Hand Weapons
 a - a +0 war axe (weapon)
Armour
 b - a +0 scale mail
 c - a +0 kite shield (worn)
 g - a +0 chain mail (worn)
Jewellery
 e - a +4 ring of protection
Scrolls
 f - a scroll of identify {unknown}
Potions
 d - a potion of might
 h - a potion of curing {unknown}


   Skills:
 + Level 3.5 Fighting
 + Level 2.9 Axes
 + Level 3.2 Armour
 + Level 3.0 Shields


You had 3 spell levels left.
You didn't know any spells.
Your spell library contained the following spells:

 Spells                   Type           Power      Damage    Failure   Level
 Magic Dart               Conj           0%         1d3       100%        1
 Searing Ray              Conj           0%         3d3       100%        2
 Dazzling Flash           Conj/Hex       0%         N/A       100%        3
 Fulminant Prism          Conj/Hex       0%         3d6       100%        4
 Iskenderun's Mystic Bla  Conj/Tloc      0%         2d3       100%        4


Dungeon Overview and Level Annotations

Branches:
Dungeon (2/15)

Altars:

Annotations:
D:2 Natasha


Innate Abilities, Weirdness & Mutations

Your serpentine skin is tough. (AC +1)
You have supernaturally acute eyesight. (SInv)
Armour fits poorly on your strangely shaped body.
Your system is resistant to poisons. (rPois)
You cover ground very slowly.
You can spit poison.
You have a snake-like lower body.


Message History

Natasha hisses angrily.
You hit the worm.
The worm is heavily wounded.
The worm bites you!
You slash the worm!
The worm is almost dead.
Natasha stares at you and mumbles some strange words.
The magic dart hits you.
You are too injured to fight recklessly!
You are too injured to fight recklessly!
You are too injured to fight recklessly!
You are too injured to fight recklessly!
You are too injured to fight recklessly!
You are too injured to fight recklessly!
You are too injured to fight recklessly!
You are too injured to fight recklessly!
There are monsters nearby!
Unknown command.
You barely miss the worm.
The worm is almost dead.
Natasha drinks a potion.
Natasha flickers and vanishes for a moment.
The worm bites you.
You hit the worm.
The worm is almost dead.
The worm bites you.
* * * LOW HITPOINT WARNING * * *
Natasha casts a spell at you. The magic dart hits you.
* * * LOW HITPOINT WARNING * * *
Your shield and chain mail prevent you from hitting the worm.
The worm is almost dead.
You block the worm's attack.
You slash the worm!
You kill the worm!
You barely miss Natasha. Natasha barely misses you. x2
You hit Natasha.
Natasha is lightly wounded.
Natasha claws you.
You die...

............)..##.####
...........##........#
...........##........#
...........##........#
...........##........#
.#.........##........#
..........##........#
........####.#######
#h@# .............#
.............#
..#..........#
..########### .. .


You could see Natasha (invisible).

Vanquished Creatures
  Terence (D:2)
  Natasha (D:2)
  2 adders (D:2)
  A gnoll (D:1)
  A worm (D:2)
  2 dart slugs (D:1)
  A bat (D:1)
  3 endoplasms (D:1)
  A giant cockroach (D:1)
  3 goblins
  A hobgoblin (D:1)
  2 quokkas
  2 ball pythons (D:1)
  2 rats
23 creatures vanquished.

Vanquished Creatures (others)
  A withered plant (D:2)
1 creature vanquished.

Grand Total: 24 creatures vanquished

Notes
Turn   | Place    | Note
-------+----------+-------------------------------------------
     0 | D:1      | 27snakeeyes612 the Naga Fighter began the quest for the
                  | Orb.
     0 | D:1      | Reached XP level 1. HP: 21/21 MP: 1/1
    51 | D:1      | Reached XP level 2. HP: 18/28 MP: 2/2
   422 | D:1      | Reached XP level 3. HP: 33/34 MP: 3/3
   905 | D:2      | Noticed Terence
   915 | D:2      | Killed Terence
   916 | D:2      | Reached XP level 4. HP: 21/42 MP: 4/4
  1271 | D:2      | Noticed Natasha
  1277 | D:2      | Killed Natasha
  1329 | D:2      | Noticed Natasha
  1336 | D:2      | Slain by Natasha

Illustrated notes

Levels and vault maps discovered:
D:1:      tarquinn_simple_flora_water_e, layout_loops_ring
D:2:      layout_rooms, shapermc_ecumenical_altar_gd, uniq_terence, uniq_natasha

Skill      XL: |  1  2  3  4 |
---------------+-------------+-----
Shields        | 3 |  3.0
Armour         | 3 |  3.2
Fighting       | |  3.5
Axes           | |  2.9

Action                   |  1- 3 |  4- 6 || total
-------------------------+-------+-------++-------
Melee: War axe           |    46 |    20 ||    66
  Use: Potion            |     1 |       ||     1
Armor: Scale mail        |    27 |     3 ||    30
Dodge: Dodged            |    10 |     3 ||    13
Block: Kite shield       |    23 |     7 ||    30

Table legend: (Time is in decaauts)
 A = Elapsed time spent in this place.
 B = Non-inter-level travel time spent in this place.
 C = Inter-level travel time spent in this place.
 D = Time resting spent in this place.
 E = Time spent auto-exploring this place.
 F = Levels seen in this place.
 G = Mean time per level.
                   A        B        C        D        E       F      G
               +--------+--------+--------+--------+--------+-----+--------+
         Total |   1598 |   1588 |     10 |    155 |   1249 |   2 |  799.0 |
       Dungeon |   1598 |   1588 |     10 |    155 |   1249 |   2 |  799.0 |
               +--------+--------+--------+--------+--------+-----+--------+

Top non-repeatable levels by time:
     D:1: 1326 daAuts
     D:2: 272 daAuts
